 Dungeon Crawl Stone Soup version 0.16-a0-1120-gd281f79 (webtiles) character file.

1662 Ololoev the Frost Mage (level 9, -3/45 HPs)
             Began as an Octopode Ice Elementalist on Oct 6, 2014.
             Was a Believer of Vehumet.
             Slain by a wight
             ... wielding a +0 hand axe
              (9 damage)
             ... on level 7 of the Dungeon.
             The game lasted 00:33:23 (8736 turns).

Ololoev the Frost Mage (Octopode Ice Elementalist)  Turns: 8736, Time: 00:33:24

Health: -3/45      AC:  1    Str:  7    XL:     9   Next: 0%
Magic:  1/25       EV: 11    Int: 21    God:    Vehumet [**....]
Gold:   232        SH:  3    Dex: 12    Spells: 3 memorised, 6 levels left

rFire  + . .     SeeInvis +     r - +2 dagger (holy)
rCold  . . .     Rnd*Rage +     y - +0 buckler
rNeg   . . .     SustAb   .     (helmet restricted)
rPois  .         Gourm    .     (no amulet)
rElec  .         Spirit   .     k - ring of magical power
rCorr  .         Warding  .     t - ring of see invisible
rMut   .         Stasis   .     u - ring of protection from fire
MR     .....                    (no ring)
Stlth  +++.......               (no ring)
                                (no ring)
                                (no ring)
                                (no ring)

@: drained, not resistant to hostile enchantments, fairly stealthy
A: almost no armour, amphibious, 8 rings, constrict 8, tentacle spike 1,
camouflage 1, berserk 1, frail 1, gelatinous body 1
a: Renounce Religion


You were on level 7 of the Dungeon.
You worshipped Vehumet.
Vehumet was pleased with you.
You were very hungry.

You visited 1 branch of the dungeon, and saw 7 of its levels.

You collected 277 gold pieces.
You spent 45 gold pieces at shops.

Inventory:

Hand weapons
 r - a +2 dagger of holy wrath (weapon)
Armour
 y - a +0 buckler (worn)
Comestibles
 c - 4 bread rations
 f - a slice of pizza
 A - 5 fruits
Scrolls
 a - 4 scrolls of identify {unknown}
 d - 2 scrolls of enchant armour {unknown}
 e - 3 scrolls of blinking
 g - 2 scrolls of recharging {unknown}
 h - 2 scrolls of fog {unknown}
 j - 2 scrolls of remove curse
 m - a scroll of amnesia {unknown}
 o - a scroll of magic mapping {unknown}
 q - 2 scrolls of teleportation
Jewellery
 k - a ring of magical power (left tentacle)
 t - a ring of see invisible (right tentacle)
 u - a ring of protection from fire (on tentacle)
Potions
 i - 2 potions of brilliance {unknown}
 l - a potion of lignification {unknown}
 p - a potion of magic {unknown}
 s - a potion of invisibility {unknown}
 v - 2 potions of cure mutation {unknown}
 w - a potion of curing {unknown}
 x - 2 potions of resistance {unknown}
 z - a potion of poison {unknown}
 B - a potion of experience {unknown}
 D - a potion of agility
 E - a potion of cancellation {unknown}
Books
 b - a book of Frost

   Spells                             Type                      Level
   *Freeze                            Ice                          1
   *Throw Frost                       Conjuration/Ice              2
   Ozocubu's Armour                   Charms/Ice                   3
   *Throw Icicle                      Conjuration/Ice              4
   Summon Ice Beast                   Ice/Summoning                4
   Condensation Shield                Ice                          4
Magical staves
 C - an uncursed staff of energy


   Skills:
 - Level 2.0(1.6) Dodging
 - Level 2.6(2.3) Stealth
 - Level 1.2(0.8) Shields
 - Level 2.6(2.3) Spellcasting
 + Level 6.6(6.2) Conjurations
 * Level 9.1(8.7) Ice Magic


You had 6 spell levels left.
You knew the following spells:

 Your Spells              Type           Power        Failure   Level  Hunger
a - Freeze                Ice            ####         1%          1    #......
b - Throw Frost           Conj/Ice       ####..       1%          2    ##.....
c - Throw Icicle          Conj/Ice       ####....     8%          4    #####..


Dungeon Overview and Level Annotations

Branches:
Dungeon (7/15)             Temple (0/1) D:5

Altars:
Ashenzari
Fedhas
Vehumet

Shops:
D:5 [

Annotations:
D:3 Grinder


Innate Abilities, Weirdness & Mutations

You cannot wear most types of armour.
You are amphibious.
You can wear up to eight rings at the same time.
You can use your tentacles to constrict many enemies at once.
Your skin changes colour to match your surroundings (Stealth).
Your rubbery body absorbs attacks (AC +1).
One of your tentacles bears a spike.
You tend to lose your temper in combat.
You are frail (-10% HP).


Message History

Press: ? - help, Shift-Dir - straight line, f - wight
Aim: a wight, wielding a hand axe and wearing a robe The shard of ice misses the wight.
You are feeling very hungry.
Things that are here:
a runed trident; 18 stones; a robe You closely miss the wight.
You grab the wight.
You constrict the wight, but do no damage.
The wight hits you with a hand axe!
You hit the wight.
The wight convulses.
The wight is lightly damaged.
You constrict the wight, but do no damage.
The wight hits you with a hand axe!
* * * LOW HITPOINT WARNING * * *
You feel drained.
* * * LOW HITPOINT WARNING * * *
You hit the wight but do no damage.
The wight is lightly damaged.
You constrict the wight. The wight hits you with a hand axe!
You die...

#.....####...##....####...##
#..........................###
#..........##.....#...........#
z...........#
#.....####........
......z.....# #...(# ##..##...
#.........## #.)..####..####..
#..%...#..####).......## ..
#.....#.....)..###...# #.
##........z@..## ###.# .
##.....##....# #.# .
##.##..##....# ##.
####..##..###..## ..
.........####..# ##.
.####....###...# ##
#.....##...# #.....#....####
#.............#


You could see a wight.

Vanquished Creatures
  A sky beast (D:5)
  2 ogres
  A centaur (D:5)
  A giant frog (D:6)
  A scorpion (D:4)
  8 wights
  A crimson imp (D:6)
  2 giant frog zombies (D:5)
  A goliath beetle (D:6)
  2 hounds (D:6)
  2 giant frog skeletons
  An orc priest (D:4)
  A jelly (D:5)
  2 iguanas
  7 orc wizards
  2 worker ants
  4 gnolls (D:7)
  13 adders
  8 giant geckos
  19 orcs
  14 bats
  A bat skeleton (D:5)
  4 giant cockroaches
  13 hobgoblins
  7 jackals
  6 kobolds
  2 quokkas
  A giant cockroach zombie (D:4)
  4 giant newts
  24 goblins
  A hobgoblin skeleton (D:6)
  A quokka skeleton (D:6)
  9 rats
166 creatures vanquished.

Notes
Turn   | Place    | Note
--------------------------------------------------------------
     0 | D:1      | Ololoev, the Octopode Ice Elementalist, began the quest for the Orb.
     0 | D:1      | Reached XP level 1. HP: 11/11 MP: 3/3
   366 | D:1      | Reached XP level 2. HP: 9/17 MP: 4/4
   470 | D:1      | Learned a level 2 spell: Throw Frost
  1348 | D:1      | Reached XP level 3. HP: 21/21 MP: 4/6
  1758 | D:1      | Reached skill level 4 in Ice Magic
  2297 | D:2      | Found a shattered altar of Ashenzari.
  2458 | D:2      | Reached XP level 4. HP: 24/27 MP: 8/8
  3113 | D:2      | Found a radiant altar of Vehumet.
  3125 | D:2      | Became a worshipper of Vehumet
  3236 | D:2      | Reached skill level 5 in Ice Magic
  3248 | D:2      | Learned a level 4 spell: Throw Icicle
  3364 | D:3      | Noticed Grinder
  3466 | D:3      | Paralysed by Grinder for 7 turns
  3531 | D:3      | Reached XP level 5. HP: 31/31 MP: 9/9
  3724 | D:3      | Noticed an ogre
  3980 | D:4      | Reached XP level 6. HP: 33/36 MP: 11/11
  4373 | D:4      | Acquired Vehumet's first power
  4373 | D:4      | Offered knowledge of Flame Tongue by Vehumet.
  4398 | D:4      | Noticed an ogre
  4401 | D:4      | Killed an ogre
  4761 | D:5      | Entered Level 5 of the Dungeon
  4811 | D:5      | Reached skill level 6 in Ice Magic
  4811 | D:5      | Reached XP level 7. HP: 41/41 MP: 4/13
  4819 | D:5      | Gained mutation: You are frail (-10% HP). [mutagenic meat]
  4820 | D:5      | Gained mutation: You tend to lose your temper in combat. [mutagenic meat]
  4821 | D:5      | Gained mutation: One of your tentacles bears a spike. [mutagenic meat]
  5234 | D:5      | Found Wepuli's Armour Boutique.
  5243 | D:5      | Bought a +0 buckler for 45 gold pieces
  5311 | D:5      | Found a blossoming altar of Fedhas.
  5632 | D:5      | Reached skill level 1 in Shields
  5701 | D:5      | Reached skill level 5 in Conjurations
  6202 | D:5      | Found a staircase to the Ecumenical Temple.
  6782 | D:6      | Reached skill level 7 in Ice Magic
  6871 | D:6      | Reached XP level 8. HP: 35/41 MP: 14/14
  6878 | D:6      | Offered knowledge of Magic Dart by Vehumet.
  7714 | D:6      | Reached skill level 8 in Ice Magic
  8724 | D:7      | Reached skill level 9 in Ice Magic
  8727 | D:7      | Reached XP level 9. HP: 24/45 MP: 3/16
  8736 | D:7      | Slain by a wight

Action                   |  1- 3 |  4- 6 |  7- 9 || total
-------------------------+-------+-------+-------++-------
Melee: Unarmed           |    88 |     7 |       ||    95
       Dagger            |       |    15 |    91 ||   106
 Cast: Freeze            |    25 |    37 |    17 ||    79
       Throw Frost       |     7 |    60 |    73 ||   140
       Throw Icicle      |       |       |    33 ||    33
  Use: Scroll            |     3 |     1 |       ||     4
 Stab: Sleeping          |     1 |     2 |       ||     3
  Eat: Chunk             |     5 |    10 |    18 ||    33
       Beef jerky        |       |       |     2 ||     2
       Royal jelly       |       |       |     1 ||     1
       Fruit             |       |       |     1 ||     1
       Pizza             |       |       |     1 ||     1
